 Dungeon Crawl Stone Soup version 0.28-a0-1510-gd0f6b136d3 (webtiles) character file.

Game seed: 358469159062213592

49 murtidash the Caller (level 3, 0/14 HPs)
             Began as a Felid Summoner on Jan 16, 2022.
             Succumbed to an adder's poison
             ... on level 2 of the Dungeon.
             The game lasted 00:02:41 (1791 turns).

murtidash the Caller (Felid Summoner)               Turns: 1791, Time: 00:02:41

Health: 0/14       AC:  1    Str:  4    XL:     3   Next: 53%
Magic:  5/8        EV: 17    Int: 18    God:
Gold:   71         SH:  0    Dex: 16    Spells: 2/8 levels left
                                        Lives:  0   Deaths: 0

rFire   . . .      SeeInvis +   (weapon unavailable)
rCold   . . .      Faith    .   (shield unavailable)
rNeg    . . .      Spirit   .   (armour unavailable)
rPois   .          Reflect  .   (helmet unavailable)
rElec   .          Harm     .   (cloak unavailable)
rCorr   .          Rampage  .   (gloves unavailable)
Will    .....                   (boots unavailable)
Stlth   ++........              (no amulet)
HPRegen 0.04/turn               (no ring)
MPRegen 0.11/turn               (no ring)

@: lethally poisoned (0 -> -4), quick
A: very small, claws 1, fangs 3, see invisible, speed 1, shaggy fur 1, stealthy
paws, no weapons or thrown items, no armour, multi-lived
a: no special abilities


You were on level 2 of the Dungeon.
You visited 1 branch of the dungeon, and saw 2 of its levels.

You collected 71 gold pieces.

Inventory:

Scrolls
 a - a scroll of immolation {unknown}
 b - a scroll of blinking {!r}
 c - 2 scrolls of identify {unknown}


   Skills:
 - Level 2.6 Dodging
 - Level 2.6 Stealth
 + Level 3.0 Spellcasting
 + Level 4.7 Summonings


You had 2 spell levels left.
You knew the following spells:

 Your Spells              Type           Power      Damage    Failure   Level
c - Call Canine Familiar  Summ           19%        N/A       7%          3
g - Call Imp              Summ           19%        N/A       3%          2
Z - Summon Small Mammal   Summ           76%        N/A       2%          1

Your spell library contained the following spells:

 Spells                   Type           Power      Damage    Failure   Level
 Summon Guardian Golem    Hex/Summ       11%        N/A       19%         3
 Summon Lightning Spire   Summ/Air       11%        N/A       52%         4


Dungeon Overview and Level Annotations

Branches:
Dungeon (2/15)

Altars:


Innate Abilities, Weirdness & Mutations

You have sharp claws.
You have razor-sharp teeth.
You have supernaturally acute eyesight. (SInv)
You cover ground quickly. (Speed+)
You are covered in fur. (AC +1)
Your paws help you pounce on unaware monsters.
You are incapable of wielding weapons or throwing items.
You cannot wear armour.
You gain extra lives every three experience levels.


Message History

r - Retreat! s - Stop attacking. g - Guard the area. f - Follow me.
Anything else - Cancel.
Gang up on whom?
Aim: a hobgoblin (wandering, hasn't noticed you) Attack!
Your white imp gestures at the hobgoblin.
The puff of frost hits the hobgoblin!
The hobgoblin dies!
A ball python comes into view.
Found a stone staircase leading down.
A ball python is nearby!
What are your orders? t - Meow!
Orders for allies: a - Attack new target. r - Retreat! s - Stop attacking. g - Guard the area. f - Follow me.
Anything else - Cancel.
Gang up on whom?
Aim: a ball python (asleep) Attack!
The ball python hisses angrily.
Your white imp closely misses the ball python.
Your white imp closely misses the ball python.
A ball python is nearby!
You scratch the ball python. You claw the ball python.
You kill the ball python!
No target in view!
You swap places.
You see here a ball python corpse.
You swap places.
c - 2 scrolls labelled KEVENN YDURPH (gained 1)
An adder comes into view.
The adder hisses angrily.
An adder is nearby!
Your white imp disappears in a puff of smoke!
You now have 7/8 mp.
The adder closely misses you.
Your quokka bites the adder.
You now have 6/8 mp.
What are your orders? t - Meow!
Orders for allies: a - Attack new target. r - Retreat! s - Stop attacking. g - Guard the area. f - Follow me.
Anything else - Cancel.
Gang up on whom?
Aim: an adder (lightly wounded, ally target) Attack!
The adder barely misses you.
Your quokka bites the adder.
Your rat closely misses the adder.
The adder closely misses you.
Your quokka barely misses the adder.
Your rat misses the adder.
A beastly little devil appears in a puff of frigid air.
The adder misses you.
Your quokka barely misses the adder.
The adder bites you.
You are poisoned.
The adder poisons you!
Your rat closely misses the adder.
You take 1 damage, and have 13/14 hp.
You now have 4/8 mp.
What are your orders? t - Meow!
Orders for allies: a - Attack new target. p - Attack previous target. r - Retreat! s - Stop attacking. g - Guard the area. f - Follow me.
Anything else - Cancel.
Gang up on whom?
Aim: an adder (moderately wounded, ally target) Attack!
You feel sick.
Your quokka bites the adder.
The adder bites you.
Your white imp misses the adder.
Your rat barely misses the adder.
Your quokka completely misses the adder.
You take 4 damage, and have 9/14 hp.
MASSIVE DAMAGE!!
You feel sick. The adder bites you.
You are lethally poisoned!
The adder poisons you!
Your quokka misses the adder.
Your white imp hits the adder but does no damage.
Your rat barely misses the adder.
You take 2 damage, and have 7/14 hp.
You feel sick. The adder bites your white imp.
Your quokka barely misses the adder.
The adder barely misses your white imp.
Your white imp closely misses the adder.
Your rat misses the adder.
You take 2 damage, and have 5/14 hp.
* * * LOW HITPOINT WARNING * * *
You feel sick.
Your quokka closely misses the adder.
The adder bites your white imp but does no damage.
Your white imp closely misses the adder.
Your rat bites the adder.
You take 2 damage, and have 3/14 hp.
* * * LOW HITPOINT WARNING * * *
You feel sick.
Your quokka bites the adder.
The adder dies!
Your Spellcasting skill increases to level 3!
You take 1 damage, and have 2/14 hp.
You aren't carrying any potions.
There is a lethal amount of poison in your body!
Blink to where?
As you read the scroll labelled ANTUACW OLUC, it crumbles to dust.
It was a scroll of blinking.
* * * LOW HITPOINT WARNING * * *
You feel sick.
You take 1 damage, and have 1/14 hp.
You aren't carrying any potions.
You die...

.. #.#.##.#
#.#.##.# #...#
##..# . #..# #
... #..# .#
.....###r.##.#
#..ยง..5..#
#...r.@..#
#........#
#........#
########.# .#
.# #


You could see a friendly white imp (summoned), a friendly quokka (summoned) and
a friendly rat (summoned).

Vanquished Creatures
  An endoplasm (D:1)
  2 hobgoblins (D:1)
  2 kobolds (D:1)
  2 ball pythons
7 creatures vanquished.

Vanquished Creatures (collateral kills)
  2 adders (D:2)
  5 ball pythons (D:1)
  2 endoplasms (D:1)
  A giant cockroach (D:2)
  A goblin (D:1)
  A hobgoblin (D:2)
  2 jackals (D:1)
  3 bats
  A frilled lizard (D:1)
  3 kobolds (D:1)
  4 rats (D:1)
25 creatures vanquished.

Grand Total: 32 creatures vanquished

Notes
Turn   | Place    | Note
-------+----------+-------------------------------------------
     0 | D:1      | murtidash the Felid Summoner began the quest for the Orb.
     0 | D:1      | Reached XP level 1. HP: 7/7 MP: 4/4
   155 | D:1      | Found a faded altar of an unknown god.
   350 | D:1      | Reached XP level 2. HP: 11/11 MP: 1/6
   735 | D:1      | Learned a level 2 spell: Call Imp
  1700 | D:2      | Reached XP level 3. HP: 14/14 MP: 6/8
  1704 | D:2      | Learned a level 3 spell: Call Canine Familiar
  1789 | D:2      | HP: 2/14 [poisoned by an adder]
  1790 | D:2      | Reached skill level 3 in Spellcasting
  1791 | D:2      | Succumbed to an adder's poison

Illustrated notes

Levels and vault maps discovered:
D:1:      dpeg_arrival_radiant, layout_rooms,
          shapermc_ecumenical_altar_totnotflames
D:2:      layout_rooms, minmay_quadrilaterals

Skill      XL: |  1  2  3 |
---------------+----------+-----
Spellcasting   | 3 |  3.0
Dodging        | |  2.6
Stealth        | |  2.6
Summonings     | |  4.7

Action                   || total
-------------------------++-------
Melee: Unarmed           ||    16
       Bite              ||     3
       Punch             ||     1
 Cast: Summon Small Mamm ||    47
       Call Imp          ||    11
  Use: Scroll            ||     1
 Stab: Distracted        ||     1
Armor: Skin              ||     2
Dodge: Dodged            ||    38

Table legend: (Time is in decaauts)
 A = Elapsed time spent in this place.
 B = Non-inter-level travel time spent in this place.
 C = Inter-level travel time spent in this place.
 D = Time resting spent in this place.
 E = Time spent auto-exploring this place.
 F = Levels seen in this place.
 G = Mean time per level.
                   A        B        C        D        E       F      G
               +--------+--------+--------+--------+--------+-----+--------+
         Total |   1681 |   1660 |     21 |      0 |   1365 |   2 |  840.5 |
       Dungeon |   1681 |   1660 |     21 |      0 |   1365 |   2 |  840.5 |
               +--------+--------+--------+--------+--------+-----+--------+

Top non-repeatable levels by time:
     D:1: 1586 daAuts
     D:2: 95 daAuts

Table legend:
 A = Kills in this place as a percentage of kills in entire the game.
 B = Kills by you in this place as a percentage of kills by you in the entire game.
 C = Kills by friends in this place as a percentage of kills by friends in the entire game.
 D = Other kills in this place as a percentage of other kills in the entire game.
 E = Experience gained in this place as a percentage of experience gained in the entire game.
 F = Experience gained in this place divided by the number of levels of this place that you have seen.
                   A       B       C       D       E      F
               +-------+-------+-------+-------+-------+----------------------
         Total | 100.0 | 100.0 | 100.0 |   N/A | 100.0 |  35.5
       Dungeon | 100.0 | 100.0 | 100.0 |   N/A | 100.0 |  35.5
               +-------+-------+-------+-------+-------+----------------------
